 Dungeon Crawl Stone Soup version 0.30.1-11-g7821555f0a (webtiles) character file.

Game seed: 1481205457640406416

543 Kielo the Trooper (level 7, -8/47 HPs)
             Began as a Gargoyle Fighter on Jan 14, 2024.
             Was an Initiate of Jiyva.
             Mangled by an ogre
             ... wielding a +0 giant club
              (15 damage)
             ... on level 4 of the Dungeon.
             The game lasted 00:09:10 (2952 turns).

Kielo the Trooper (Gargoyle Fighter)                Turns: 2952, Time: 00:09:11

Health: -8/47      AC: 16    Str: 25    XL:     7   Next: 27%
Magic:  7/7        EV:  9    Int:  8    God:    Jiyva [......]
Gold:   201        SH:  4    Dex:  8    Spells: 6/6 levels left

rFire   . . .        a - +0 flail
rCold   . . .        c - +0 buckler
rNeg    + . .        b - +0 scale mail
rPois   ∞            k - +0 helmet
rElec   +            e - +2 cloak
rCorr   .            (no gloves)
SInv    +            (no boots)
Will    .....        (no amulet) Stlth
                     m - ring of see invisible
HPRegen 1.07/turn    (no ring)
MPRegen 0.10/turn

%: no passive effects
@: hasted, very quick
A: sickness immunity, AC +4, negative energy resistance 1, electricity
resistance, torment resistance 1, petrification resistance, regeneration 1,
strong 1
a: Renounce Religion


You were on level 4 of the Dungeon.
You worshipped Jiyva.
Jiyva was noncommittal.
You visited 1 branch of the dungeon, and saw 5 of its levels.
You also visited: Sewer.

You collected 201 gold pieces.

Inventory:

Hand Weapons
 a - a +0 flail (weapon)
Armour
 b - a +0 scale mail (worn)
 c - a +0 buckler (worn)
 e - a +2 cloak (worn)
 k - a +0 helmet (worn)
Jewellery
 l - an amulet of the acrobat
 m - a ring of see invisible (left hand)
 q - a ring of fire
 s - a ring of willpower
Wands
 p - a wand of flame (38)
 v - a wand of roots (6)
Scrolls
 f - 2 scrolls of immolation {unknown}
 g - a scroll of fog {unknown}
 j - a scroll of fear {unknown}
 n - 2 scrolls of vulnerability {unknown}
 t - a scroll of enchant armour {unknown}
 u - a scroll of identify {unknown}
 x - a scroll of blinking {unknown}
 y - a scroll of brand weapon {unknown}
 C - a scroll of teleportation {unknown}
 E - a scroll of torment {unknown}
Potions
 d - a potion of lignification {unknown}
 h - a potion of degeneration {unknown}
 i - a potion of haste
 o - a potion of heal wounds {unknown}
 r - 2 potions of invisibility
 w - a potion of brilliance {unknown}
 z - 2 potions of mutation
 A - a potion of might
 B - a potion of cancellation {unknown}
 D - a potion of curing {unknown}


   Skills:
 * Level 6.7 Fighting
 + Level 4.1 Maces & Flails
 + Level 5.2 Armour
 - Level 3.2 Shields


You had 6 spell levels left.
You didn't know any spells.
Your spell library contained the following spells:

 Spells                   Type           Power      Damage    Failure   Level
 Apportation              Tloc           0%         N/A       75%         1
 Necrotise                Necr           0%         1d4       75%         1
 Summon Small Mammal      Summ           0%         N/A       75%         1
 Summon Forest            Summ/Tloc      0%         N/A       100%        5
 Eringya's Noxious Bog    Tmut/Pois      0%         N/A       100%        6
 Summon Hydra             Summ           0%         N/A       100%        7


Dungeon Overview and Level Annotations

Branches:
Dungeon (5/15)              Sewer (visited)
 Temple: D:4-7

Altars:
Kikubaaqudgha
Trog

Annotations:
D:2 1 runed translucent door
D:4 Dowan, Duvessa


Innate Abilities, Weirdness & Mutations

You are immune to sickness and miasma.
Your stone body is resilient. (AC +4)
You are immune to poison.
You resist negative energy. (rN+)
You are resistant to electric shocks. (rElec)
You are resistant to unholy torment.
You are immune to petrification.
Your natural rate of healing is unusually fast.
Your muscles are strong. (Str +4, Int/Dex -1)


Message History

The goblin closely misses you. The rat misses you.
You thump the goblin!
You kill the goblin!
The rat bites you but does no damage.
You barely miss the rat. The rat bites you but does no damage.
You sock the rat!
You kill the rat!
No target in view!
No target in view!
No target in view!
Okay, then.
There is a large open door here.
You enter the shallow water.
Moving in this stuff is going to be slow.
You open the door.
Found 5 stones.
There is an open door here.
Key pressed, stopping explore.
You now have 183 gold pieces (gained 14).
Found an ancient bone altar of Kikubaaqudgha.
You hear a splatter.
You hear a distant slurping noise.
You hear a distant slurping noise.
You hear a distant slurping noise.
You hear a distant slurping noise.
You hear a distant slurping noise.
You now have 201 gold pieces (gained 18).
You open the door.
There is an open door here.
A ball python comes into view.
A ball python is nearby!
You thump the ball python!
You kill the ball python!
No target in view!
Found a robe.
The ufetubus shouts!
The black bear growls angrily.
You open the door.
There is an open door here.
There is a stone staircase leading up here.
There is a stone staircase leading up here.
You swap places.
Partly explored, can't reach some places.
No target in view!
No target in view!
No target in view!
You swap places.
Press: ? - help, v - describe, . - travel The floor.
You don't know any spells.
Partly explored, can't reach some places.
Partly explored, can't reach some places.
There is a stone staircase leading up here.
There is a stone staircase leading down here.
You climb downwards.
Level annotation: Dowan, Duvessa
Found an inky potion and a scroll labelled VOTI ZAGGAO.
Found a stone staircase leading up.
There is a stone staircase leading up here.
You hit the adder.
The adder is heavily wounded.
The adder bites you but does no damage. x2
You miss the adder.
The adder is heavily wounded.
The adder misses you. The adder bites you but does no damage.
You closely miss the adder.
The adder is heavily wounded.
The adder barely misses you.
You closely miss the adder.
The adder is heavily wounded.
The adder bites you but does no damage.
You hear a distant slurping noise.
The adder bites you but does no damage.
You sock the adder!
You kill the adder!
No target in view!
You hear a distant slurping noise.
D - an inky potion You hear a distant slurping noise.
You hear a distant slurping noise.
You hear a distant slurping noise.
You hear a distant slurping noise.
z - 2 potions of mutation (gained 1)
You hear a distant slurping noise.
You hear a distant slurping noise.
You hear a distant slurping noise.
You hear a distant slurping noise.
E - a scroll labelled VOTI ZAGGAO An ogre comes into view.
It is wielding a +0 giant club.
The ogre shouts!
You hit the ogre.
The ogre is lightly wounded.
The ogre hits you with a +0 giant club!!
You barely miss the ogre.
The ogre is lightly wounded.
The ogre hits you with a +0 giant club!!
* * * LOW HITPOINT WARNING * * *
It was a potion of haste.
You feel yourself speed up. The ogre hits you with a +0 giant club!
You die...

#.............#......
##.................... .
#.....##......#.#.#...
.........#..#...#.###...
... ##......#...#.###...
.... #.#................
...?.#.#..##..##..##....
.......#.##..###.#.....#
......O@...............#
.........##...##..##..##
.....#..#.....# .# ##
.... #..#......#
........#.......
................
...............
#........#......
.#..............#


You could see an ogre.

Vanquished Creatures
  A black bear (D:4)
  A phantom (D:3)
  2 jellies (Sewer)
  A gnoll bouda (D:4)
  An orc wizard (D:3)
  Robin (D:3)
  4 gnolls (D:4)
  4 adders
  3 river rats (Sewer)
  3 worms (D:2)
  A dart slug (D:2)
  5 orcs (D:3)
  7 bats
  11 endoplasms
  10 giant cockroaches
  22 goblins
  16 hobgoblins
  6 quokkas
  6 ball pythons
  4 frilled lizards
  5 kobolds
  16 rats
130 creatures vanquished.

Notes
Turn   | Place    | Note
-------+----------+-------------------------------------------
     0 | D:1      | Kielo the Gargoyle Fighter began the quest for the Orb.
     0 | D:1      | Reached XP level 1. HP: 14/14 MP: 1/1
    76 | D:1      | Reached XP level 2. HP: 14/19 MP: 2/2
   343 | D:1      | Reached XP level 3. HP: 9/24 MP: 3/3
   498 | D:1      | Reached skill level 4 in Fighting
   965 | D:2      | Found a bloodstained altar of Trog.
  1188 | D:2      | Reached XP level 4. HP: 26/30 MP: 4/4
  1440 | D:2      | Found a runed translucent door.
  1440 | D:2      | You fall into a shaft and drop 2 floors!
  1451 | D:4      | Noticed Duvessa
  1451 | D:4      | Noticed Dowan
  1461 | D:5      | Entered Level 5 of the Dungeon
  1587 | D:4      | Noticed a black bear
  1604 | D:4      | Killed a black bear
  1605 | D:4      | Reached skill level 5 in Fighting
  1605 | D:4      | Reached XP level 5. HP: 33/35 MP: 5/5
  1675 | D:4      | Gained mutation: Your natural rate of healing is unusually
                  | fast. [potion of mutation]
  1675 | D:4      | Gained mutation: Your muscles are strong. (Str +4, Int/Dex
                  | -1) [potion of mutation]
  1677 | D:4      | Reached XP level 6. HP: 7/41 MP: 6/6
  1826 | D:3      | Noticed Robin
  1839 | D:3      | Reached skill level 6 in Fighting
  1880 | D:3      | Killed Robin
  2201 | D:3      | Reached skill level 5 in Armour
  2276 | D:3      | Found a glowing drain.
  2281 | Sewer    | Entered a sewer
  2347 | Sewer    | Reached XP level 7. HP: 47/47 MP: 7/7
  2474 | Sewer    | Found a viscous altar of Jiyva.
  2560 | Sewer    | Became a worshipper of Jiyva Jiobeopt the Shapeless
  2664 | D:3      | Found an ancient bone altar of Kikubaaqudgha.
  2952 | D:4      | Mangled by an ogre

Illustrated notes

Levels and vault maps discovered:
D:1:      erik_arrival_triangle_large, layout_basic
D:2:      layout_basic, basic_altar, st_stairs_9, uniq_crazy_yiuf_cottage
D:3:      layout_loops_ring, lemuel_tele_altar, gup_sewer_entry_bowl,
          lightli_corner_chamber, uniq_robin
D:4:      minmay_goblin_kobold_castle, layout_cave_pools, uniq_duvessa
D:5:      layout_basic, corexii_checkpoint_b, minmay_mini_ossuary

Skill      XL: |  1  2  3  4  5  6  7 |
---------------+----------------------+-----
Fighting       | 4 5 6 |  6.7
Armour         | 4 5 |  5.2
Maces & Flails | 3 4 |  4.1
Shields        | |  3.2

Action                     |  1- 3 |  4- 6 |  7- 9 || total
---------------------------+-------+-------+-------++-------
  Melee: Flail             |   135 |   256 |    60 ||   451
    Use: Potion            |       |     3 |     1 ||     4
 Armour: Scale mail        |    71 |   217 |    41 ||   329
  Dodge: Dodged            |    70 |   166 |    37 ||   273
  Block: Buckler           |    26 |    71 |    11 ||   108
